 Dungeon Crawl Stone Soup version 0.29-a0-221-gceb61267dd (webtiles) character file.

Game seed: 1654258495309339692

314 drugrobin the Chopper (level 5, 0/42 HPs)
             Began as a Demigod Fighter on Feb 27, 2022.
             Slain by a bullfrog (3 damage)
             ... in a sewer.
             The game lasted 00:07:02 (3328 turns).

drugrobin the Chopper (Demigod Fighter)             Turns: 3328, Time: 00:07:02

Health: 0/42       AC:  8    Str: 21    XL:     5   Next: 98%
Magic:  7/7        EV:  7    Int: 10    God:
Gold:   142        SH:  4    Dex: 13    Spells: 4/4 levels left

rFire   . . .      SeeInvis .   a - +0 war axe
rCold   . . .      Faith    .   c - +0 buckler
rNeg    . . .      Spirit   .   l - +0 chain mail
rPois   .          Reflect  .   (no helmet)
rElec   .          Harm     .   (no cloak)
rCorr   .          Rampage  .   (no gloves)
Will    .....                   (no boots)
Stlth   ..........              (no amulet)
HPRegen 0.14/turn               (no ring)
MPRegen 0.10/turn               (no ring)

@: mighty
A: high MP 1, forlorn, divine attributes
a: no special abilities


You were in a sewer.
You visited 1 branch of the dungeon, and saw 3 of its levels.
You also visited: Sewer.

You collected 142 gold pieces.

Inventory:

Hand Weapons
 a - a +0 war axe (weapon)
Missiles
 j - 47 stones (quivered)
Armour
 c - a +0 buckler (worn)
 l - a +0 chain mail (worn)
Jewellery
 f - a ring of fire
 m - a ring of flight
Scrolls
 e - 9 scrolls of identify {unknown}
 g - 2 scrolls of teleportation {unknown}
 k - a scroll of fear {unknown}
 n - 2 scrolls of fog {unknown}
 o - a scroll of torment {unknown}
 q - a scroll of enchant weapon {unknown}
Potions
 b - a potion of attraction {unknown}
 d - 2 potions of might
 h - a potion of mutation {unknown}
 i - 2 potions of cancellation {unknown}
 p - a potion of heal wounds {unknown}
 r - a potion of flight {unknown}


   Skills:
 - Level 2.6 Fighting
 + Level 6.0 Axes
 - Level 2.6 Armour
 - Level 2.6 Shields


You had 4 spell levels left.
You didn't know any spells.
Your spell library contained the following spells:

 Spells                   Type           Power      Damage    Failure   Level
 Summon Small Mammal      Summ           0%         N/A       99%         1
 Call Canine Familiar     Summ           0%         N/A       100%        3
 Summon Guardian Golem    Hex/Summ       0%         N/A       100%        3


Dungeon Overview and Level Annotations

Branches:
Dungeon (3/15)              Sewer (1/1)

Shops:
D:2 =

Annotations:
D:3 Grinder, Sigmund


Innate Abilities, Weirdness & Mutations

You have an increased reservoir of magic. (+10% MP)
You shall have no god before yourself.
Your divine heritage dramatically boosts your attributes as you level up.


Message History

Unknown command.
Unknown command.
You feel very mighty all of a sudden. The bullfrog hits you.
You block the bullfrog's attack. You block the adder's attack.
The adder bites you but does no damage. The bullfrog hits you.
The bullfrog closely misses you.
Unknown command.
Unknown command.
You closely miss the adder.
The ball python hisses angrily.
You slash the adder!
You kill the adder!
You completely miss the bullfrog. You slash the bullfrog!
You hear an angry hiss.
The adder closely misses you. You block the bullfrog's attack.
The bullfrog hits you but does no damage.
The adder bites you but does no damage. The bullfrog hits you.
You block the adder's attack.
A ball python comes into view.
The bullfrog hits you.
The ball python hisses angrily.
You hit the adder.
The adder is moderately wounded.
You barely miss the bullfrog. You closely miss the bullfrog.
You miss the adder.
The bullfrog hits you but does no damage.
The adder closely misses you. The adder bites you but does no damage.
The bullfrog hits you but does no damage.
The bullfrog barely misses you.
An adder comes into view.
The adder bites you but does no damage.
You barely miss the adder.
The adder is moderately wounded.
You barely miss the bullfrog. x2; You hit the adder.
The bullfrog hits you.
* * * LOW HITPOINT WARNING * * *
The adder completely misses you. The bullfrog closely misses you.
The adder bites you but does no damage. The bullfrog hits you!
* * * LOW HITPOINT WARNING * * *
The adder bites you but does no damage. The bullfrog hits you.
You die...

#......#
##....
#≈≈≈≈≈≈#
#≈≈≈≈≈
#≈≈≈≈≈≈#
#≈≈≈≈≈
#≈≈≈S≈≈#
#≈≈≈≈≈
#≈≈≈≈≈≈#
#≈≈≈≈≈
#≈≈≈≈≈≈#
#≈≈≈≈≈
#SlS≈≈≈#
#≈≈≈≈≈
#FSS≈≈≈#
#≈≈≈≈≈
#F@≈≈≈≈#
##....
#≈≈≈≈≈≈#
#≈....
#≈≈≈≈≈≈#
##....
#≈≈≈≈≈≈#
#≈†≈≈≈
#≈≈≈≈≈≈#
#≈≈≈≈≈
#≈≈≈≈≈≈#
#≈≈≈≈≈
#≈≈≈≈≈≈#
#≈≈≈≈≈
#≈≈≈≈≈≈#####
#≈≈≈≈≈
#......##..#
##....


You could see 2 bullfrogs, 3 adders, 2 ball pythons and a frilled lizard.

Vanquished Creatures
  The ghost of HeliumTrimp the Caller, an amateur DESu (D:3)
  7 adders
  5 river rats (Sewer)
  A worm (D:2)
  6 dart slugs
  4 orcs (D:3)
  17 ball pythons
  3 bats
  3 endoplasms
  2 giant cockroaches (D:1)
  5 goblins
  A hobgoblin (D:2)
  4 quokkas
  6 frilled lizards
  4 kobolds
  30 rats
99 creatures vanquished.

Vanquished Creatures (others)
  4 demonic plants (D:1)
  A withered plant (D:1)
5 creatures vanquished.

Grand Total: 104 creatures vanquished

Notes
Turn   | Place    | Note
-------+----------+-------------------------------------------
     0 | D:1      | drugrobin the Demigod Fighter began the quest for the Orb.
     0 | D:1      | Reached XP level 1. HP: 18/18 MP: 3/3
   123 | D:1      | Reached skill level 2 in Axes
   273 | D:1      | Reached XP level 2. HP: 17/25 MP: 4/4
   688 | D:1      | Reached skill level 3 in Axes
  1542 | D:2      | Found Ducabase's Jewellery Emporium.
  1692 | D:2      | Reached XP level 3. HP: 30/30 MP: 5/5
  2376 | D:3      | Found a runed translucent door.
  2376 | D:3      | Noticed HeliumTrimp's ghost (amateur DESu)
  2400 | D:3      | Reached skill level 4 in Axes
  2408 | D:3      | Killed HeliumTrimp's ghost
  2409 | D:3      | Reached skill level 5 in Axes
  2409 | D:3      | Reached XP level 4. HP: 19/37 MP: 6/6
  2409 | D:3      | Reached XP level 5. HP: 22/42 MP: 7/7
  2450 | D:3      | Noticed Grinder
  2533 | D:3      | Noticed Sigmund
  2827 | D:3      | Found a glowing drain.
  2831 | Sewer    | Entered a sewer
  3226 | Sewer    | Reached skill level 6 in Axes
  3328 | Sewer    | Slain by a bullfrog

Illustrated notes

Levels and vault maps discovered:
D:1:      lightli_arrival_statue_moat, layout_loops_ring,
          shapermc_ecumenical_altar_gd, dk_noncrumbling_3,
          minmay_indecisive_spiral
D:2:      minmay_chambers_of_twos, layout_loops_corners, serial_shops,
          nicolae_shop_hallway_plus
D:3:      kennysheep_slugbush, layout_loops_ring, mainiacjoe_overflow_alcove_3,
          gup_sewer_entry_bowl, ebering_ghost_sewer_d, fountainhead,
          kennysheep_nondescript, uniq_grinder, uniq_sigmund
Sewer:    sewer_minmay_w

Skill      XL: |  1  2  3  4  5 |
---------------+----------------+-----
Axes           | 2 3 5 6 |  6.0
Fighting       | |  2.6
Armour         | |  2.6
Shields        | |  2.6

Action                   |  1- 3 |  4- 6 || total
-------------------------+-------+-------++-------
Melee: War axe           |   112 |   111 ||   223
  Use: Potion            |     1 |     1 ||     2
Armor: Scale mail        |    31 |       ||    31
       Chain mail        |    18 |    99 ||   117
Dodge: Dodged            |    57 |    61 ||   118
Block: Buckler           |    13 |    41 ||    54

Table legend: (Time is in decaauts)
 A = Elapsed time spent in this place.
 B = Non-inter-level travel time spent in this place.
 C = Inter-level travel time spent in this place.
 D = Time resting spent in this place.
 E = Time spent auto-exploring this place.
 F = Levels seen in this place.
 G = Mean time per level.
                   A        B        C        D        E       F      G
               +--------+--------+--------+--------+--------+-----+--------+
         Total |   3482 |   3421 |     61 |    173 |   2268 |   4 |  870.5 |
       Dungeon |   2895 |   2834 |     61 |    173 |   1978 |   3 |  965.0 |
         Sewer |    586 |    586 |      0 |      0 |    290 |   1 |  586.0 |
               +--------+--------+--------+--------+--------+-----+--------+

Top non-repeatable levels by time:
     D:2: 1210 daAuts
     D:1: 1181 daAuts
   Sewer: 586 daAuts
     D:3: 503 daAuts
